 Dungeon Crawl Stone Soup version 0.21-a0-522-ga8338f0 (webtiles) character file.

3936 solxrula the Basher (level 10, -7/141 HPs)
             Began as a Troll Berserker on Dec 7, 2017.
             Was a High Priest of Trog.
             Killed by the air
             ... invoked by Gastronok
              (22 damage)
             ... on level 9 of the Dungeon.
             The game lasted 00:32:51 (6835 turns).

solxrula the Basher (Troll Berserker)               Turns: 6835, Time: 00:32:52

Health: -7/141     AC: 12    Str: 34    XL:     10   Next: 1%
Magic:  9/9        EV: 11    Int:  3    God:    Trog [*****.]
Gold:   413        SH:  0    Dex: 10    Spells: 9/9 levels left

rFire    . . .     SeeInvis +   t - +4 flail
rCold    + . .     Gourm    +   (no shield)
rNeg     . . .     Faith    .   v - +1 robe {rC+}
rPois    .         Spirit   .   (helmet restricted)
rElec    .         Reflect  .   (no cloak)
rCorr    .         Harm     .   (gloves unavailable)
MR       .....                  (boots unavailable)
Stlth    ..........             (no amulet)
HPRegen  0.73/turn              d - +6 ring of protection
MPRegen  0.11/turn              s - ring of see invisible

@: berserking, very quick
A: large, unfitting armour, claws 3, fast metabolism 3, gourmand, regeneration
1, shaggy fur 1, tough skin 2
a: Berserk, Trog's Hand, Brothers in Arms, Burn Spellbooks, Renounce Religion


You were on level 9 of the Dungeon.
You worshipped Trog.
Trog was extremely pleased with you.
You were not hungry.

You visited 1 branch of the dungeon, and saw 9 of its levels.

You collected 413 gold pieces.

Inventory:

Hand Weapons
 a - a +0 mace
 o - a +0 flail of protection
 t - a +4 flail (weapon)
 x - a +5 quick blade
Armour
 b - a +1 animal skin
 v - a +1 robe of cold resistance (worn)
Jewellery
 d - a +6 ring of protection (left claw)
 j - an uncursed ring of positive energy
 m - an uncursed ring of protection from cold
 p - an uncursed ring of protection from cold
 s - a ring of see invisible (right claw)
Wands
 g - a wand of enslavement (7)
 w - a wand of digging (15)
 y - a wand of acid (15)
Scrolls
 e - a scroll of identify
 i - 2 scrolls of teleportation
 r - 3 scrolls of remove curse
Potions
 h - 4 potions of curing
 l - a potion of resistance
 q - a potion of haste
 u - a potion of heal wounds
 z - a potion of brilliance
Comestibles
 c - 4 bread rations
 f - 3 meat rations
 k - a royal jelly
 n - a fruit


   Skills:
 + Level 4.9 Fighting
 * Level 11.4 Maces & Flails
 + Level 5.1 Dodging
 + Level 0.5 Stealth


You had 9 spell levels left.
You didn't know any spells.

Dungeon Overview and Level Annotations

Branches:
Dungeon (9/15)             Temple (0/1) D:4
   Lair: D:8-11         Orc: D:9-12

Altars:
Ashenzari
Cheibriados
Okawaru
Qazlal
Ru
Trog
Vehumet
Xom
Yredelemnul
The Shining One

Annotations:
D:4 2 transporters
D:9 Gastronok


Innate Abilities, Weirdness & Mutations

You are too large for most types of armour.
You have claws for hands.
Your metabolism is lightning-fast.
You like to eat raw meat.
Your natural rate of healing is unusually fast.
You are covered in fur. (AC +1)
You have very tough skin. (AC +2)


Message History

You kill the rat!
The rat's corpse disappears in a puff of smoke!
You bludgeon Gastronok!!
Gastronok is lightly wounded.
You sock Gastronok!
Gastronok is moderately wounded.
You bludgeon Gastronok!!
Gastronok is heavily wounded.
Gastronok waves his eye-stalks in wide circles.
The air twists around and strikes you!
* * * LOW HITPOINT WARNING * * *
You sock Gastronok!
Gastronok is heavily wounded.
You barely miss Gastronok.
Gastronok is heavily wounded.
You completely miss Gastronok.
Gastronok is heavily wounded.
Gastronok waves his eye-stalks in wide circles.
The air twists around and strikes you!
You die...

###+######
#........#
#........#
#........#
+........#
#........#
#.....w..#
#.@...+
#..†..#
#+#####


You could see Gastronok.

Vanquished Creatures
  A two-headed ogre (D:5)
  A hornet (D:6)
  A hippogriff (D:5)
  2 sky beasts
  A black bear (D:7)
  2 orc warriors (D:6)
  A phantom (D:5)
  2 eyes of draining (D:3)
  3 wolves (D:9)
  The ghost of Theruse2 the Charmwright, an amateur GnSk of Makhleb (D:3)
  3 ogres
  A necrophage (D:5)
  2 centaurs
  A bullfrog (D:6)
  5 wights (D:6)
  2 howler monkeys (D:7)
  2 crimson imps
  2 centaur zombies
  A hound (D:4)
  A jelly (D:6)
  An iguana (D:4)
  An orc priest (D:3)
  A bullfrog skeleton (D:7)
  7 orc wizards
  10 worker ants
  A hound zombie (D:7)
  A worker ant zombie (D:6)
  A gnoll (D:3)
  10 adders
  3 shadow imps
  An adder skeleton (D:7)
  An adder zombie (D:8)
  3 worms
  4 dart slugs (D:1)
  4 leopard geckos
  31 orcs
  6 giant cockroaches
  8 goblins
  8 hobgoblins
  12 jackals
  8 kobolds
  3 quokkas
  A ball python (D:6)
  7 bats
  12 frilled lizards
  A jackal skeleton (D:4)
  7 rats
  A spectral orc (D:3)
  A fungus (D:4)
190 creatures vanquished.

Notes
Turn   | Place    | Note
-------+----------+-------------------------------------------
     0 | D:1      | solxrula the Troll Berserker began the quest for the Orb.
     0 | D:1      | Reached XP level 1. HP: 22/22 MP: 0/0
    55 | D:1      | Reached skill level 3 in Maces & Flails
    72 | D:1      | Reached XP level 2. HP: 27/29 MP: 1/1
   658 | D:1      | Reached XP level 3. HP: 35/36 MP: 2/2
   660 | D:1      | Reached ** piety under Trog
  1089 | D:2      | Reached skill level 4 in Maces & Flails
  1089 | D:2      | Reached XP level 4. HP: 41/44 MP: 3/3
  1566 | D:3      | Reached *** piety under Trog
  1619 | D:3      | Noticed an ogre
  1629 | D:3      | Killed an ogre
  1629 | D:3      | Reached skill level 5 in Maces & Flails
  1629 | D:3      | Reached XP level 5. HP: 52/52 MP: 4/4
  1656 | D:3      | Found a bloodstained altar of Trog.
  1656 | D:3      | Noticed an eye of draining
  1656 | D:3      | Noticed an eye of draining
  1673 | D:3      | Killed an eye of draining
  1673 | D:3      | Reached XP level 6. HP: 56/61 MP: 0/5
  1777 | D:3      | Reached skill level 6 in Maces & Flails
  1942 | D:3      | Noticed Theruse2's ghost (amateur GnSk)
  1963 | D:3      | Killed Theruse2's ghost
  2235 | D:3      | Reached XP level 7. HP: 66/67 MP: 6/6
  2259 | D:3      | Found a radiant altar of Vehumet.
  2401 | D:3      | Found a basalt altar of Yredelemnul.
  2572 | D:4      | Found a transporter.
  2682 | D:4      | Found a transporter.
  2685 | D:4      | Noticed a fire bat
  2706 | D:4      | Reached **** piety under Trog
  2837 | D:4      | Found a staircase to the Ecumenical Temple.
  2842 | D:4      | Reached skill level 7 in Maces & Flails
  3323 | D:5      | Entered Level 5 of the Dungeon
  3342 | D:5      | Noticed a two-headed ogre
  3361 | D:5      | Killed a two-headed ogre
  3361 | D:5      | Reached skill level 8 in Maces & Flails
  3361 | D:5      | Reached XP level 8. HP: 10/78 MP: 7/7
  3491 | D:5      | Reached skill level 9 in Maces & Flails
  3549 | D:5      | Found an iron altar of Okawaru.
  3627 | D:5      | Found a shimmering altar of Xom.
  3628 | D:5      | Found a shimmering altar of Xom.
  3628 | D:5      | Found a shimmering altar of Xom.
  3628 | D:5      | Found a shimmering altar of Xom.
  3861 | D:5      | Noticed a hippogriff
  3871 | D:5      | Killed a hippogriff
  3889 | D:5      | Reached XP level 9. HP: 65/84 MP: 8/8
  4726 | D:6      | Reached skill level 10 in Maces & Flails
  4993 | D:6      | Reached ***** piety under Trog
  5027 | D:6      | Paralysed by a hornet for 2 turns
  5364 | D:6      | Reached skill level 5 in Dodging
  5404 | D:6      | Reached skill level 11 in Maces & Flails
  5700 | D:7      | Received a gift from Trog
  5903 | D:7      | Found a sacrificial altar of Ru.
  5904 | D:7      | Found a shattered altar of Ashenzari.
  5904 | D:7      | Found a stormy altar of Qazlal.
  5905 | D:7      | Found a snail-covered altar of Cheibriados.
  5943 | D:7      | Found a glowing golden altar of the Shining One.
  6817 | D:9      | Noticed Gastronok
  6828 | D:9      | Reached XP level 10. HP: 42/94 MP: 9/9
  6835 | D:9      | Killed from afar by Gastronok

Vault maps used:
D:1:      minmay_arrival_jagged, minmay_surrounded
D:3:      yredelemnul_forgotten_temple_becter, lemuel_doored_altar,
          trog_eyes_of_draining
D:4:      gammafunk_cloud_chamber, minmay_temple_entry_trees, first_bread,
          minmay_gold_behind_fungi
D:5:      basic_altar, serial_co_window_serial, co_window_paths_a,
          co_window_paths_a, co_window_of_opportunity_a, co_window_paths_a,
          co_window_paths_a, co_window_corner_cb, co_window_broadway_a,
          co_window_of_opportunity_c, co_window_cross_2, co_window_2corner,
          co_window_paths_e, glass_columns_b, glass_columns_b, xom_redecorated
D:6:      chequers_ossuary_entry_cave
D:7:      grunt_temple_overflow_open, nicolae_tso_swordbearing_angel
D:8:      nemelex_xobeh_ov_fountains_minmay, enter_bailey_2, uniq_psyche,
          uniq_joseph, uniq_grum
D:9:      erik_lair_orcish_takeover, hangedman_ranch, uniq_erolcha,
          uniq_gastronok

Skill      XL: |  1  2  3  4  5  6  7  8  9 |
---------------+----------------------------+-----
Maces & Flails | 3 4 5 6 8 9 11 | 11.4
Dodging        | 3 4 5 |  5.1
Fighting       | 3 4 |  4.9
Stealth        | |  0.5

Action                   |  1- 3 |  4- 6 |  7- 9 | 10-12 || total
-------------------------+-------+-------+-------+-------++-------
Melee: Mace              |   135 |   166 |    30 |       ||   331
       Flail             |       |       |   486 |     7 ||   493
Invok: Berserk           |       |     3 |     8 |       ||    11
  Use: Potion            |     4 |     1 |     3 |       ||     8
       Scroll            |     2 |     4 |     7 |       ||    13
  Eat: Chunk             |    15 |    13 |    40 |       ||    68
       Meat ration       |       |       |     1 |       ||     1
Armor: Animal skin       |    56 |    71 |   147 |       ||   274
       Robe              |       |       |    54 |       ||    54
Dodge: Dodged            |    81 |    74 |   204 |       ||   359

Table legend:
 A = Spawn XP
 B = Non-spawn XP
 C = Spawn XP percentage of total XP
 D = Spawn monster count
 E = Non-spawn monster count
 F = Spawn count percentage of total count
 G = Total turns spent on level
                    A         B        C        D         E        F      G
               +---------+---------+-------+---------+---------+-------+---------
         Total |       0 |    5624 |   0.0 |       0 |     189 |   0.0 |  6835
               +---------+---------+-------+---------+---------+-------+---------
           D:1 |       0 |      50 |   0.0 |       0 |      27 |   0.0 |   834
           D:2 |       0 |      99 |   0.0 |       0 |      23 |   0.0 |   719
           D:3 |       0 |     654 |   0.0 |       0 |      42 |   0.0 |  1019
           D:4 |       0 |     322 |   0.0 |       0 |      13 |   0.0 |   751
           D:5 |       0 |    2178 |   0.0 |       0 |      36 |   0.0 |  1378
           D:6 |       0 |    1585 |   0.0 |       0 |      29 |   0.0 |   937
           D:7 |       0 |     377 |   0.0 |       0 |      13 |   0.0 |  1120
           D:8 |       0 |       9 |   0.0 |       0 |       3 |   0.0 |    59
           D:9 |       0 |     350 |   0.0 |       0 |       3 |   0.0 |    18
               +---------+---------+-------+---------+---------+-------+---------
